 Dungeon Crawl Stone Soup version 0.30-a0-6-g7c9e10e132 (webtiles) character file.

Game seed: 16558072698065619576

46 SensoryNuts the Trooper (level 3, 0/33 HPs)
             Began as a Hill Orc Fighter on Aug 22, 2022.
             Was a Believer of Kikubaaqudgha.
             Succumbed to a gnoll's poison
             ... on level 3 of the Dungeon.
             The game lasted 00:02:13 (1638 turns).

SensoryNuts the Trooper (Hill Orc Fighter)          Turns: 1638, Time: 00:02:13

Health: 0/33       AC:  8    Str: 18 (20) XL:     3   Next: 68%
Magic:  3/3        EV:  9    Int:  5 (8)  God:    Kikubaaqudgha [**....]
Gold:   75         SH:  4    Dex:  8 (10) Spells: 2/2 levels left

rFire   . . .      SeeInvis .    a - +0 war axe
rCold   . . .      Faith    .    c - +0 buckler
rNeg    . . .      Spirit   .    b - +0 scale mail
rPois   .          Reflect  .    h - +0 helmet
rElec   .          Harm     .    (no cloak)
rCorr   .          Rampage  .    (no gloves)
Will    .....                    (no boots)
Stlth   ..........               (no amulet)
HPRegen 0.11/turn                (no ring)
MPRegen 0.08/turn                (no ring)

@: mighty, lethally poisoned (0 -> -4), flying
A: no striking features
a: Renounce Religion, Unearth Wretches


You were on level 3 of the Dungeon.
You worshipped Kikubaaqudgha.
Kikubaaqudgha was pleased with you.
You visited 1 branch of the dungeon, and saw 3 of its levels.

You collected 75 gold pieces.

Inventory:

Hand Weapons
 a - a +0 war axe (weapon)
Armour
 b - a +0 scale mail (worn)
 c - a +0 buckler (worn)
 h - a +0 helmet (worn)
Scrolls
 f - a scroll of silence {unknown}
 g - a scroll of enchant weapon {unknown}
 i - a scroll of immolation


   Skills:
 + Level 4.0 Fighting
 + Level 3.7 Axes
 + Level 3.8 Armour
 + Level 0.1 Stealth
 + Level 3.6 Shields


You had 2 spell levels left.
You didn't know any spells.
Your spell library contained the following spells:

 Spells                   Type           Power      Damage    Failure   Level
 Necrotise                Necr           0%         1d4       91%         1
 Sublimation of Blood     Necr           0%         N/A       97%         2
 Anguish                  Hex/Necr       0%         N/A       100%        4
 Animate Dead             Necr           0%         N/A       100%        4


Dungeon Overview and Level Annotations

Branches:
Dungeon (3/15)

Altars:
Kikubaaqudgha


Message History

The gnoll shouts! x2
The goblin hits you but does no damage.
A gnoll comes into view.
It is wielding a +2 flail of protection.
You completely miss the goblin.
The gnoll shouts!
A rat comes into view.
The goblin closely misses you.
You slash the gnoll!
The gnoll is heavily wounded.
You hit the goblin. You block the goblin's attack.
The gnoll hits you with a +0 flail.
You barely miss the gnoll.
The gnoll is heavily wounded.
You closely miss the goblin. The gnoll hits you with a +0 flail.
The gnoll hits you but does no damage.
You are poisoned.
You block the goblin's attack. You block the gnoll's attack.
The goblin hits you but does no damage. The gnoll hits you but does no damage.
You are more poisoned.
You feel very sick.
You feel very sick.
You feel very sick. The goblin attacks as you move away!
You block the goblin's attack.
You feel very sick. The goblin attacks as you move away!
The goblin barely misses you.
* * * LOW HITPOINT WARNING * * *
You feel sick.
It was a potion of degeneration.
There was something very wrong with that liquid.
You feel weakened.
You feel dopey.
You feel clumsy.
You feel sick. The goblin misses you.
It was a potion of flight.
You feel very buoyant.
You fly up into the air.
You feel sick. You block the goblin's attack.
You feel very mighty all of a sudden.
You feel sick. The goblin hits you with a +0 club.
* * * LOW HITPOINT WARNING * * *
You closely miss the goblin.
You die...
Kikubaaqudgha rasps: "You have failed me!
Welcome... death!"

... #.##.# ..#
#######.##.# ###.#
#.......##.# # ...#
#.#####...<# #. #rg#
#.# #.#.## #..##.[#
#.#####.#.# #....#
#.......#.#
#####gr###########.#
!......gggg@........#
.####################


You could see 4 gnolls, a goblin and a rat.

Vanquished Creatures
  2 worms (D:2)
  2 dart slugs
  2 endoplasms (D:2)
  A giant cockroach (D:2)
  4 goblins
  6 hobgoblins
  A quokka (D:2)
  2 ball pythons
  2 bats
  2 frilled lizards (D:2)
  5 kobolds
  9 rats
38 creatures vanquished.

Notes
Turn   | Place    | Note
-------+----------+-------------------------------------------
     0 | D:1      | SensoryNuts the Hill Orc Fighter began the quest for the
                  | Orb.
     0 | D:1      | Reached XP level 1. HP: 19/19 MP: 1/1
   334 | D:1      | Found a faded altar of an unknown god.
   342 | D:1      | Reached XP level 2. HP: 27/27 MP: 2/2
   357 | D:1      | Prayed at the altar of an unknown god.
   357 | D:1      | Became a worshipper of Kikubaaqudgha
   357 | D:1      | Reached * piety under Kikubaaqudgha
   357 | D:1      | Received a gift from Kikubaaqudgha
   745 | D:2      | Reached skill level 4 in Fighting
   883 | D:2      | Reached XP level 3. HP: 33/33 MP: 3/3
  1018 | D:2      | Reached ** piety under Kikubaaqudgha
  1638 | D:3      | Succumbed to a gnoll's poison

Illustrated notes

Levels and vault maps discovered:
D:1:      psy_arrival_whirlpool, layout_basic,
          hellmonk_ecumenical_altar_pennies_from_heaven
D:2:      layout_loops_ring, corexii_leaking_fountain, minmay_bisected
D:3:      layout_basic, grunt_temple_overflow_open, roderic_serpentine_path

Skill      XL: |  1  2 |
---------------+-------+-----
Axes           | 3 |  3.7
Fighting       | 4 |  4.0
Armour         | |  3.8
Stealth        | |  0.1
Shields        | |  3.6

Action                   || total
-------------------------++-------
Melee: War axe           ||    95
  Use: Scroll            ||     5
       Potion            ||     3
Armor: Scale mail        ||    40
Dodge: Dodged            ||    40
Block: Buckler           ||    22

Table legend: (Time is in decaauts)
 A = Elapsed time spent in this place.
 B = Non-inter-level travel time spent in this place.
 C = Inter-level travel time spent in this place.
 D = Time resting spent in this place.
 E = Time spent auto-exploring this place.
 F = Levels seen in this place.
 G = Mean time per level.
                   A        B        C        D        E       F      G
               +--------+--------+--------+--------+--------+-----+--------+
         Total |   1679 |   1598 |     81 |      0 |   1301 |   3 |  559.7 |
       Dungeon |   1679 |   1598 |     81 |      0 |   1301 |   3 |  559.7 |
               +--------+--------+--------+--------+--------+-----+--------+

Top non-repeatable levels by time:
     D:2: 947 daAuts
     D:1: 678 daAuts
     D:3: 53 daAuts
